 Dungeon Crawl Stone Soup version 0.31-a0-1547-g618ab1f346 (webtiles) character file.

Game seed: 12178051557639882700

787 Flugslaktarn the Chiller (level 7, -3/43 HPs)
             Began as an Octopode Ice Elementalist on Jan 3, 2024.
             Was an Initiate of Sif Muna.
             Slain by an orc warrior
             ... wielding a +0 long sword
              (14 damage)
             ... on level 6 of the Dungeon.
             The game lasted 00:08:46 (1712 turns).

Flugslaktarn the Chiller (OpIE)                     Turns: 1712, Time: 00:08:46

Health: -3/43      AC:  8    Str:  7    XL:     7   Next: 87%
Magic:  7/15       EV: 13    Int: 19    God:    Sif Muna [......]
Gold:   122        SH:  0    Dex: 13    Spells: 6/16 levels left

rFire   . . .        i - +3 dagger
rCold   . . .        (no shield)
rNeg    . . .        (helmet restricted)
rPois   .            (no amulet)
rElec   .            (no ring)
rCorr   .            (no ring)
SInv    .            (no ring)
Will    .....        (no ring)
Stlth   +++          (no ring)
HPRegen 0.27/turn    (no ring)
MPRegen 0.14/turn    (no ring)
                     (no ring)

%: no passive effects
@: ice-armoured, freezing walls
A: almost no armour, amphibious, 8 rings, camouflage 1, gelatinous body 1,
(nimble swimmer 1), tentacles
a: Renounce Religion


You were on level 6 of the Dungeon.
You worshipped Sif Muna.
Sif Muna was noncommittal.
You visited 2 branches of the dungeon, and saw 7 of its levels.

You collected 122 gold pieces.

Inventory:

Hand Weapons
 i - a +3 dagger (weapon)
   (You took it off a goblin on level 2 of the Dungeon)
 j - a +0 whip of venom
   (You took it off a kobold on level 2 of the Dungeon)
 q - a +0 long sword
   (You found it on level 5 of the Dungeon)
 s - a +0 spear of flaming
   (You found it on level 6 of the Dungeon)
Magical Staves
 f - a staff of death
   (You found it on level 2 of the Dungeon)
Talismans
 o - a beast talisman
   (You found it on level 5 of the Dungeon)
Wands
 d - a wand of iceblast (8)
   (You found it on level 2 of the Dungeon)
 e - a wand of polymorph (6)
   (You found it on level 6 of the Dungeon)
Scrolls
 g - a scroll of amnesia
 l - a scroll of revelation {unknown}
 n - a scroll of immolation {unknown}
 t - 3 scrolls of teleportation
 z - a scroll of blinking
Potions
 a - a potion of magic
 h - 2 potions of attraction {unknown}
 k - a potion of enlightenment {unknown}
 m - a potion of heal wounds {unknown}
 p - a potion of haste {unknown}


   Skills:
 - Level 1.0 Fighting
 - Level 2.0 Dodging
 - Level 2.6 Stealth
 + Level 5.3 Spellcasting
 - Level 3.0 Summonings
 + Level 6.7 Ice Magic


You had 6 spell levels left.
You knew the following spells:

 Your Spells              Type           Power      Damage    Failure   Level
a - Freeze                Ice            100%       1d10      1%          1
b - Frozen Ramparts       Ice            60%        1d10      2%          3
c - Ozocubu's Armour      Ice            30%        N/A       2%          3
d - Summon Ice Beast      Ice/Summ       23%        N/A       4%          3

Your spell library contained the following spells:

 Spells                   Type           Power      Damage    Failure   Level
 Tukima's Dance           Hex            5%         N/A       34%         3
 Dimensional Bullseye     Hex/Tloc       2%         N/A       75%         4
 Iskenderun's Mystic Bla  Conj/Tloc      5%         2d3       75%         4
 Vhi's Electric Charge    Tloc/Air       10%        N/A       75%         4
 Arcjolt                  Conj/Air       2%         1d12      97%         5
 Maxwell's Capacitive Co  Air            2%         ∞         100%        8


Dungeon Overview and Level Annotations

Branches:
Dungeon (6/15)             Temple (1/1) D:6

Altars:
Ashenzari
Dithmenos
Elyvilon
Fedhas
Hepliaklqana
Kikubaaqudgha
Makhleb
Nemelex Xobeh
Okawaru
Ru
Sif Muna
Trog
Uskayaw
Vehumet
Wu Jian
Xom
Yredelemnul
Zin
The Shining One

Annotations:
D:5 Prince Ribbit


Innate Abilities, Weirdness & Mutations

You cannot wear most types of armour.
You are amphibious.
You can wear up to eight rings at the same time.
Your skin changes colour to match your surroundings (Stealth+).
Your rubbery body absorbs attacks. (AC +1, EV +1)
((You are camouflaged when in or above water. (Stealth+)))
You have tentacles for arms and can constrict up to eight enemies at once.


Message History

You open the door.
Found a staircase to the Ecumenical Temple.
There is an open door here.
As you open the door, it creaks loudly!
There is an open door here.
There is a staircase to the Ecumenical Temple here.
You climb downwards.
Welcome to the Ecumenical Temple!
Found a staircase back to the Dungeon.
There is a staircase back to the Dungeon here.
Okay, then.
As you read the scroll labelled OKHLUB JEC SON, it crumbles to dust.
You feel strangely unstable.
It was a scroll of teleportation.
t - 3 scrolls of teleportation;
e - a wand of polymorph (6) Unknown command.
Blink to where?
Press: ? - help, Dir - move target, f - you
Okay, then.
As you read the scroll labelled PIOGEHO FUMUO, it crumbles to dust.
It was a scroll of blinking.
z - a scroll of blinking
As you read the scroll labelled JIDYF IDILUWK, it crumbles to dust.
It is a scroll of identify.
g - a scroll of amnesia;
r - a scroll of identify
n - a scroll labelled YMOYHI FEAXURUTO
As you read the scroll of identify, it crumbles to dust.
c - 4 potions of degeneration You drop 4 potions of degeneration.
Your surroundings suddenly seem different.
Found a burning altar of Makhleb and a sparkling altar of Nemelex Xobeh.
Okay, then.
Okay, then.
You aren't carrying any pieces of jewellery.
Unknown command.
Found a shadowy altar of Dithmenos and a radiant altar of Vehumet.
Found a hazy altar of Hepliaklqana.
There is a burning altar of Makhleb here.
Found an ornate altar of the Wu Jian Council.
HP restored.
Found a basalt altar of Yredelemnul.
Found a hide-covered altar of Uskayaw.
Found an iron altar of Okawaru.
Found a sacrificial altar of Ru and a white marble altar of Elyvilon.
Found two altars.
There is a shimmering blue altar of Sif Muna here.
You curl up in front of the altar of Sif Muna.
Sif Muna welcomes you!
Found a glowing golden altar of the Shining One.
There is a fountain of clear blue water here.
There is a staircase back to the Dungeon here.
You see here 4 potions of degeneration.
You climb upwards.
Welcome back to the Dungeon!
There is a staircase to the Ecumenical Temple here.
Unknown command.
There is an open door here.
You open the door.
There is an open door here.
You open the door.
An ice beast comes into view.
Found 9 stones.
There is an open door here.
Found a hand axe.
Found a quarterstaff.
You see here a +0 quarterstaff.
An orc warrior and 2 orcs come into view.
The orc shouts!
The orc warrior shouts!
The orc shouts!
The orc warrior hits you with a +0 long sword!
Casting: Frozen Ramparts (dangerous; 2% risk of failure)
Confirm with . or Enter, or press ? or * to list all spells.
The walls around you are covered in ice.
The wall freezes the orc.
The wall freezes the orc warrior.
Casting: Frozen Ramparts (dangerous; 2% risk of failure)
Confirm with . or Enter, or press ? or * to list all spells.
A film of ice covers your body!
The wall freezes the orc.
The wall freezes the orc!
You kill the orc!
Sif Muna accepts your kill.
The wall freezes the orc warrior but does no damage.
The orc warrior hits you with a +0 long sword.
Training target 3.0 for Summonings reached!
Your Summonings skill increases to level 3!
You hit the orc warrior but do no damage.
Your grab misses the orc warrior. You squeeze the orc warrior.
The orc warrior is lightly wounded.
The wall freezes the orc!
You kill the orc!
Sif Muna accepts your kill.
The wall freezes the orc warrior!
The orc warrior hits you with a +0 long sword!
* * * LOW HITPOINT WARNING * * *
Casting: Ozocubu's Armour (dangerous; 2% risk of failure)
Confirm with . or Enter, or press ? or * to list all spells.
Aiming: Freeze (safe; 1% risk of failure)
Press: ? - help, Shift-Dir - straight line, f - orc warrior
Aim: an orc warrior, wielding a +0 long sword and wearing a +0 chain mail (moderately wounded)
You freeze the orc warrior!
The orc warrior is severely wounded.
The wall freezes the orc warrior but does no damage.
The orc warrior hits you with a +0 long sword!
You die...

### #.. #.#
#######o####
....).)@...#
#######.##.#.#
#.......#
#.###..##
#.###..# #.#..
# #)#.# #
#.#.##.#
#......#


You could see an orc warrior.

Vanquished Creatures
  A sky beast (D:6)
  A black bear (D:6)
  A hound (D:4)
  Jessica (D:3)
  Natasha (twice) (D:2)
  An orc wizard (D:3)
  Robin (D:2)
  12 adders
  2 ufetubi (D:5)
  A dart slug (D:2)
  9 orcs
  7 ball pythons
  8 bats
  4 endoplasms
  7 giant cockroaches
  8 hobgoblins
  A jackal (D:5)
  A quokka (D:1)
  2 frilled lizards
  13 goblins
  3 kobolds
  2 rats (D:2)
88 creatures vanquished.

Vanquished Creatures (collateral kills)
  An ogre (D:5)
  A phantom (D:4)
  A bombardier beetle (D:5)
  A hound (D:5)
  An iguana (D:4)
  A ribbon worm (D:4)
  A dart slug (D:5)
7 creatures vanquished.

Grand Total: 95 creatures vanquished

Notes
Turn   | Place    | Note
-------+----------+-------------------------------------------
     0 | D:1      | Flugslaktarn the Octopode Ice Elementalist began the quest
                  | for the Orb.
     0 | D:1      | Reached XP level 1. HP: 11/11 MP: 3/3
    90 | D:1      | Reached XP level 2. HP: 12/17 MP: 1/5
   217 | D:2      | Noticed Natasha
   343 | D:2      | Reached XP level 3. HP: 14/21 MP: 3/6
   347 | D:2      | Learned a level 3 spell: Frozen Ramparts
   351 | D:2      | Learned a level 3 spell: Ozocubu's Armour
   375 | D:2      | Noticed Robin
   490 | D:2      | Killed Natasha
   491 | D:2      | Reached XP level 4. HP: 11/27 MP: 2/8
   533 | D:2      | Reached skill level 5 in Ice Magic
   591 | D:2      | Killed Robin
   625 | D:2      | Noticed Natasha
   673 | D:2      | Reached XP level 5. HP: 17/31 MP: 4/10
   816 | D:2      | Killed Natasha
   840 | D:3      | Noticed Jessica
   858 | D:3      | Killed Jessica
   881 | D:3      | Reached XP level 6. HP: 12/36 MP: 2/12
   986 | D:5      | Entered Level 5 of the Dungeon
   992 | D:5      | Noticed Prince Ribbit
  1047 | D:5      | Learned a level 3 spell: Summon Ice Beast
  1182 | D:4      | Reached skill level 1 in Fighting
  1182 | D:4      | Reached skill level 1 in Summonings
  1182 | D:4      | Reached skill level 6 in Ice Magic
  1256 | D:4      | Found a glowing silver altar of Zin.
  1414 | D:5      | Reached XP level 7. HP: 43/43 MP: 9/14
  1494 | D:5      | Reached skill level 5 in Spellcasting
  1609 | D:6      | Found a staircase to the Ecumenical Temple.
  1621 | Temple   | Entered the Ecumenical Temple
  1659 | Temple   | Became a worshipper of Sif Muna the Loreminder
  1712 | D:6      | Slain by an orc warrior

Illustrated notes

Levels and vault maps discovered:
D:1:      lightli_arrival_maybe_door_vault, layout_basic, nicolae_eternal_life
D:2:      layout_loops_ring, uniq_natasha, uniq_robin
D:3:      layout_loops_cross, serial_shops, shop, serial_park_tiny_1,
          uniq_jessica
D:4:      layout_basic, zin_statuary
D:5:      layout_rooms, serial_aquarium, aquarium_bridge_island_large
          [aquarium_subvault_large_open, aquarium_subvault_bridge,
          aquarium_subvault_window, aquarium_subvault_bridge,
          aquarium_subvault_window], aquarium_window_1, aquarium_window_1,
          aquarium_view_2d, aquarium_balcony_double_4, uniq_prince_ribbit1
D:6:      layout_loops_cross, minmay_temple_entry_glassed_door
Temple:   compressed_dpeg_circular_temple

Skill      XL: |  1  2  3  4  5  6  7 |
---------------+----------------------+-----
Spellcasting   | 3 4 5 |  5.3
Ice Magic      | 5 6 |  6.7
Fighting       | 1 |  1.0
Summonings     | 1 3 |  3.0
Dodging        | |  2.0
Stealth        | |  2.6

Action                     |  1- 3 |  4- 6 |  7- 9 || total
---------------------------+-------+-------+-------++-------
  Melee: Unarmed           |    25 |     4 |       ||    29
         Constrict         |     5 |    13 |     2 ||    20
         Tentacles         |     3 |    14 |     5 ||    22
         Punch             |     1 |       |     1 ||     2
         Dagger            |       |    55 |     9 ||    64
   Cast: Freeze            |    38 |    33 |     6 ||    77
         Frozen Ramparts   |     1 |    12 |     3 ||    16
         Summon Ice Beast  |       |     3 |     3 ||     6
         Ozocubu's Armour  |       |       |     1 ||     1
    Use: Scroll            |       |       |     4 ||     4
   Stab: Sleeping          |       |     4 |       ||     4
 Armour: Skin              |    34 |    62 |    12 ||   108
  Dodge: Dodged            |    26 |    66 |     9 ||   101

Table legend: (Time is in decaauts)
 A = Elapsed time spent in this place.
 B = Non-inter-level travel time spent in this place.
 C = Inter-level travel time spent in this place.
 D = Time resting spent in this place.
 E = Time spent auto-exploring this place.
 F = Levels seen in this place.
 G = Mean time per level.
                   A        B        C        D        E       F      G
               +--------+--------+--------+--------+--------+-----+--------+
         Total |   1722 |   1635 |     87 |      0 |      0 |   7 |  246.0 |
       Dungeon |   1669 |   1627 |     42 |      0 |      0 |   6 |  278.2 |
        Temple |     52 |      7 |     45 |      0 |      0 |   1 |   52.0 |
               +--------+--------+--------+--------+--------+-----+--------+

Top non-repeatable levels by time:
     D:2: 461 daAuts
     D:4: 344 daAuts
     D:1: 295 daAuts
     D:5: 283 daAuts
     D:3: 180 daAuts
     D:6: 104 daAuts
  Temple: 52 daAuts
